 Dungeon Crawl Stone Soup version 0.18-a0-1702-gd20c6a5 (webtiles) character file.

24859 4thArraOfDagon the Severer (level 13, -19/183 HPs)
             Began as a Hill Orc Berserker on Apr 6, 2016.
             Was a High Priest of Trog.
             Hit by a large rock thrown by a cyclops (39 damage)
             ... on level 15 of the Dungeon.
             The game lasted 00:29:35 (5127 turns).

4thArraOfDagon the Severer (Hill Orc Berserker)     Turns: 5127, Time: 00:29:36

Health: -19/183    AC: 23    Str: 32    XL:     13   Next: 15%
Magic:  4/4        EV: 10    Int:  9    God:    Trog [*****.]
Gold:   884        SH:  0    Dex:  9    Spells: 0 memorised, 12 levels left

rFire  x . .     SeeInvis .     C - +3 battleaxe (antimagic)
rCold  + + .     Gourm    .     H - +0 ice dragon armour
rNeg   . . .     Faith    .     (shield currently unavailable)
rPois  .         Spirit   .     (helmet restricted)
rElec  .         Dismiss  .     k - +0 cloak
rCorr  .         Reflect  .     (no gloves)
SustAt +         Harm     .     (no boots)
MR     +....     Clarity  +     E - amulet of regeneration
Stlth  ..........               z - ring of sustain attributes
                                a - ring of protection from magic

@: berserking (expiring), lethally poisoned (-19 -> -21), very quick, somewhat
resistant to hostile enchantments, extremely unstealthy
A: antennae 1, icy blue scales 1, rough black scales 1, thin metallic scales 1,
blurry vision 1, clarity, clever 1, screaming 1, shaggy fur 1, strong 1
a: Berserk, Trog's Hand, Brothers in Arms, Burn Spellbooks, Renounce Religion


You were on level 15 of the Dungeon.
You worshipped Trog.
Trog was extremely pleased with you.
You were not hungry.

You visited 2 branches of the dungeon, and saw 17 of its levels.
You also visited: Ossuary and Ice Cave.

You collected 1099 gold pieces.
You spent 215 gold pieces at shops.

Inventory:

Hand Weapons
 v - a +1 broad axe
 C - a +3 antimagic battleaxe (weapon)
 D - a +0 blowgun
Missiles
 i - 5 javelins (quivered)
 F - 3 poisoned needles
Armour
 b - a +1 troll leather armour of cold resistance
 c - a +1 helmet of intelligence
 k - a +0 cloak (worn)
 p - a +0 plate armour
 t - a +1 chain mail of poison resistance
 G - a troll hide
 H - a +0 ice dragon armour (worn)
Jewellery
 a - a ring of protection from magic (left hand)
 z - a ring of sustain attributes (right hand)
 E - an amulet of regeneration (around neck)
Wands
 u - a wand of flame (29/48)
 y - a wand of lightning (6/15)
 I - a wand of flame (12/48)
Scrolls
 d - 10 scrolls of remove curse
 f - a scroll of immolation
 g - 2 scrolls of random uselessness
 h - a scroll of fog
 q - 2 scrolls of magic mapping
 w - a scroll of recharging {unknown}
 A - a scroll of holy word {unknown}
 K - a scroll of enchant weapon
Potions
 e - a potion of curing
 m - a potion of resistance {unknown}
 n - a potion of cancellation
 o - 2 potions of brilliance
 r - a potion of ambrosia
 s - a potion of lignification
 B - a potion of flight {unknown}
 J - a potion of might {unknown}
Comestibles
 j - 2 bread rations
 l - a meat ration
 x - 8 chunks of flesh


   Skills:
 + Level 13.3 Fighting
 * Level 18.8 Axes
 + Level 11.9 Armour
 - Level 1.5 Dodging


You had 12 spell levels left.
You didn't know any spells.

Dungeon Overview and Level Annotations

Branches:
Dungeon (15/15)               Orc (2/2) D:12            Elf (0/3) Orc:2
 Temple: D:4-7         Lair: D:8-11      Vaults: D:13-14     Depths: D:15

Altars:
Cheibriados
Nemelex Xobeh
Okawaru
Vehumet

Shops:
D:7 ?   D:10 %   Orc:2 %%}

Annotations:
D:14 VAUTLS
Orc:1 exclusion: upstairs


Innate Abilities, Weirdness & Mutations

You have a pair of small antennae on your head.
You are partially covered in icy blue scales (AC +1).
You are partially covered in rough black scales (AC +4, Dex -1).
You are partially covered in thin metallic scales (AC +2).
Scrolls take you a little longer to read.
You possess an exceptional clarity of mind.
Your mind is acute. (Int +2)
You occasionally shout uncontrollably at your foes.
You are covered in fur (AC +1).
Your muscles are strong. (Str +2)


Message History

You slice the kobold!!
You feel the power of Trog in you as your rage grows.
You kill the kobold!
Trog accepts your kill.
The cyclops throws a large rock.
The large rock hits you!!!
* * * LOW HITPOINT WARNING * * *
Unknown command.
Unknown command.
You feel sick.
Things that are here:
a dagger of venom; a kobold corpse Unknown command.
Unknown command.
You feel a strong urge to attack something.
You feel sick.
Unknown command.
Unknown command.
Unknown command.
You feel sick.
The cyclops throws a large rock.
The large rock hits you!!!
You die...

#.. #..
#.##########
#.#......... .
#.#......... ..
#.#.<....... ...###
#.#'########
......###.@........
<...§§).)(.........
....§.§().....#####
......))......#
...§§§........#
.........C....#
.#####........#
#........#
#........#


You could see a cyclops.

Vanquished Creatures
  An ice dragon (Orc:1)
  A hydra (D:12)
  2 orc high priests
  4 hill giants
  An orc knight (Orc:2)
  5 orc sorcerers
  3 ugly things
  A cyclops (Orc:2)
  2 ice statues (IceCv)
  A gargoyle (D:14)
  2 centaur skeletons
  9 ice devils (IceCv)
  2 kobold demonologists (D:15)
  5 trolls
  A polar bear (Orc:1)
  3 two-headed ogres
  A shadow (D:11)
  A wraith (D:12)
  10 yaks
  A hippogriff (D:10)
  A human (shapeshifter) (D:13)
  2 hungry ghosts (D:12)
  A mottled dragon (D:14)
  A warg (Orc:1)
  A soldier ant (D:11)
  19 orc warriors
  A black bear (D:7)
  2 sky beasts (D:11)
  2 phantoms
  A necrophage (D:9)
  A wolf (Orc:1)
  3 ogres
  A centaur (D:7)
  6 big kobolds
  4 giant frogs
  A gnoll sergeant (D:11)
  A wyvern skeleton (D:8)
  2 troll zombies (D:12)
  9 howler monkeys
  4 crimson imps
  A giant frog zombie (D:6)
  3 jellies
  40 orc wizards
  19 orc priests
  A gnoll shaman (D:8)
  3 giant frog skeletons
  2 iguanas (D:12)
  7 worker ants
  2 sheep (D:15)
  A killer bee zombie (D:7)
  2 big kobold zombies (Ossuary)
  4 ogre zombies (D:12)
  A hound skeleton (D:8)
  A mummy (Ossuary)
  A worker ant zombie (D:7)
  4 adders
  9 gnolls
  A shadow imp (D:14)
  5 white imps (IceCv)
  6 ufetubi (IceCv)
  2 giant geckos
  57 orcs
  A goblin (D:2)
  2 quokkas (D:7)
  A goblin skeleton (D:12)
  3 goblin zombies
  A hobgoblin skeleton (D:12)
  7 hobgoblin zombies
  A jackal skeleton (D:4)
  15 kobolds
  A kobold zombie (Ossuary)
  An orc skeleton (D:12)
  17 orc zombies
  A rat (D:1)
342 creatures vanquished.

Vanquished Creatures (collateral kills)
  The ghost of Ratboiler the Severer, a journeyman DEWn of Trog (D:12)
  An orb spider (shapeshifter) (D:13)
  5 yaks (D:12)
  An orc warrior (D:12)
  A wasp (D:13)
  An ogre (D:13)
  2 orcs (D:12)
12 creatures vanquished.

Vanquished Creatures (others)
  3 white imps (IceCv)
  3 ufetubi (IceCv)
6 creatures vanquished.

Grand Total: 360 creatures vanquished

Notes
Turn   | Place    | Note
--------------------------------------------------------------
     0 | D:1      | 4thArraOfDagon the Hill Orc Berserker began the quest for the Orb.
     0 | D:1      | Reached XP level 1. HP: 19/19 MP: 1/1
     5 | D:1      | You are covered in liquid flames! You hear a shout! The deep elf mage casts a spell at you. The bolt of fire hits you! A deep elf archer comes into view. It is wielding a dagger. You are covered in liquid flames! * * * LOW HITPOINT WARNING * * * The deep elf archer shouts! The deep elf archer unwields an uncursed dagger. The deep elf archer wields a longbow. The deep elf archer shoots an arrow. T
   130 | D:2      | Reached XP level 2. HP: 27/27 MP: 2/2
   164 | D:2      | Reached XP level 3. HP: 20/33 MP: 3/3
   292 | D:4      | Reached skill level 5 in Axes
   328 | D:4      | You fall through a shaft for 2 floors!
   335 | D:6      | Reached XP level 4. HP: 37/40 MP: 4/4
   402 | D:6      | Noticed a giant frog
   408 | D:6      | Killed a giant frog
   408 | D:6      | Reached skill level 6 in Axes
   408 | D:6      | Reached XP level 5. HP: 46/47 MP: 5/5
   472 | D:6      | Noticed an orc warrior
   488 | D:6      | Killed an orc warrior
   488 | D:6      | Reached skill level 5 in Fighting
   488 | D:6      | Reached skill level 7 in Axes
   488 | D:6      | Reached XP level 6. HP: 18/56 MP: 6/6
   550 | D:6      | Found a sand-covered staircase.
   580 | Ossuary  | Entered an ossuary
   809 | D:7      | Reached ** piety under Trog
   871 | D:7      | Found Lakhiut's Magic Scroll Boutique.
   873 | D:7      | Found a sparkling altar of Nemelex Xobeh.
   879 | D:7      | Reached XP level 7. HP: 61/61 MP: 7/7
   886 | D:7      | Bought a scroll of identify for 26 gold pieces
   886 | D:7      | Bought a scroll of remove curse for 39 gold pieces
   907 | D:7      | Reached skill level 8 in Axes
  1015 | D:6      | Reached skill level 9 in Axes
  1020 | D:6      | Reached XP level 8. HP: 71/71 MP: 8/8
  1036 | D:5      | Entered Level 5 of the Dungeon
  1117 | D:6      | Reached skill level 5 in Armour
  1402 | D:8      | Reached skill level 10 in Axes
  1438 | D:7      | Found a snail-covered altar of Cheibriados.
  1525 | D:10     | Entered Level 10 of the Dungeon
  1544 | D:10     | Noticed a hill giant
  1551 | D:10     | Killed a hill giant
  1551 | D:10     | Reached skill level 11 in Axes
  1551 | D:10     | Reached XP level 9. HP: 80/80 MP: 9/9
  1583 | D:10     | Found Gucsail's Food Emporium.
  1658 | D:11     | Noticed a two-headed ogre
  1663 | D:11     | Killed a two-headed ogre
  1754 | D:11     | Reached skill level 12 in Axes
  1821 | D:11     | Reached *** piety under Trog
  1825 | D:11     | Gained mutation: You are covered in fur (AC +1). [mutagenic meat]
  1826 | D:11     | Gained mutation: Your muscles are strong. (Str +2) [mutagenic meat]
  1827 | D:11     | Gained mutation: You possess an exceptional clarity of mind. [mutagenic meat]
  1828 | D:11     | Gained mutation: You have large cloven feet. [mutagenic meat]
  1942 | D:11     | Noticed a hill giant
  1947 | D:11     | Killed a hill giant
  1962 | D:11     | Noticed a red ugly thing
  2008 | D:11     | Reached XP level 10. HP: 61/90 MP: 10/10
  2049 | D:11     | Reached skill level 13 in Axes
  2314 | D:12     | Reached **** piety under Trog
  2328 | D:12     | Reached skill level 14 in Axes
  2375 | D:12     | Found a staircase to the Orcish Mines.
  2385 | D:12     | Noticed a seven-headed hydra
  2398 | Orc:1    | Entered Level 1 of the Orcish Mines
  2398 | Orc:1    | Noticed an orc high priest
  2398 | Orc:1    | Noticed an orc knight
  2398 | Orc:1    | Noticed an orc sorcerer
  2420 | Orc:1    | Reached skill level 10 in Fighting
  2520 | Orc:2    | Entered Level 2 of the Orcish Mines
  2520 | Orc:2    | Found a staircase to the Elven Halls.
  2657 | Orc:1    | Reached ***** piety under Trog
  2681 | Orc:1    | Found a frozen archway.
  2687 | Orc:1    | Noticed an ice dragon
  2700 | Orc:1    | Reached XP level 11. HP: 92/100 MP: 11/11
  2718 | Orc:1    | Reached skill level 15 in Axes
  2728 | Orc:1    | Killed an ice dragon
  2760 | IceCv    | Entered an ice cave
  3018 | IceCv    | Reached skill level 16 in Axes
  3024 | IceCv    | Reached skill level 10 in Armour
  3312 | Orc:1    | Found an iron altar of Okawaru.
  3501 | Orc:2    | Noticed a cyclops
  3544 | Orc:2    | Killed a cyclops
  3710 | Orc:2    | Noticed an orc sorcerer
  3737 | Orc:2    | Killed an orc sorcerer
  3845 | Orc:2    | Noticed an orc sorcerer
  3864 | Orc:2    | Noticed a soul eater
  3869 | Orc:2    | Killed an orc sorcerer
  3869 | Orc:2    | Reached XP level 12. HP: 111/111 MP: 12/12
  3983 | Orc:2    | Received a gift from Trog
  4017 | Orc:2    | Noticed an orc high priest
  4040 | Orc:2    | Killed an orc high priest
  4097 | Orc:2    | Reached skill level 17 in Axes
  4122 | Orc:2    | Found Muklurol's Weapon Emporium.
  4122 | Orc:2    | Found Hiutef's Food Emporium.
  4123 | Orc:2    | Found Surah's Gadget Shoppe.
  4130 | Orc:2    | Found Hejih's Food Shoppe.
  4156 | Orc:2    | AAMZING
  4183 | Orc:2    | BEST
  4183 | Orc:2    | ctrl q
  4184 | Orc:2    | Bought a bread ration for 50 gold pieces
  4184 | Orc:2    | Bought a meat ration for 50 gold pieces
  4184 | Orc:2    | Bought a bread ration for 50 gold pieces
  4404 | Orc:1    | Killed an orc high priest
  4526 | D:12     | LETS DIE
  4526 | D:12     | OR NOT
  4538 | D:12     | Killed a nine-headed hydra
  4581 | D:12     | Noticed Ratboiler's ghost (journeyman DEWn)
  4588 | D:12     | Killed Ratboiler's ghost
  4663 | D:12     | Found a radiant altar of Vehumet.
  4684 | D:12     | Gained mutation: You occasionally shout uncontrollably at your foes. [mutagenic meat]
  4685 | D:12     | Gained mutation: Scrolls take you a little longer to read. [mutagenic meat]
  4686 | D:12     | Gained mutation: Your mind is acute. (Int +2) [mutagenic meat]
  4687 | D:12     | Gained mutation: You are partially covered in icy blue scales (AC +1). [mutagenic meat]
  4725 | D:14     | Noticed a vault guard
  4746 | D:14     | Reached skill level 18 in Axes
  4881 | D:13     | Received a gift from Trog
  4957 | D:13     | Gained mutation: You are partially covered in rough black scales (AC +4, Dex -1). [mutagenic meat]
  4958 | D:13     | Lost mutation: You have large cloven feet. [mutagenic meat]
  4974 | D:13     | Gained mutation: You are partially covered in thin metallic scales (AC +2). [mutagenic meat]
  4975 | D:13     | Gained mutation: You have a pair of small antennae on your head. [mutagenic meat]
  4984 | D:13     | Reached XP level 13. HP: 108/122 MP: 4/13
  5103 | D:15     | Entered Level 15 of the Dungeon
  5127 | D:15     | Hit by a large rock thrown by a cyclops

Vault maps used:
D:1:      kilobyte_arrival_exit_the_forest
D:2:      minmay_overflow_temple_star_quad, roderic_serpentine_path
D:3:      old_standard_altar, ecumenical_altar_1, elyvilon_altar_4
D:4:      first_bread, minmay_misc_feat_more_columns,
          corexii_item_surrounded_by_moat, grunt_pakellas_basics,
          uniq_crazy_yiuf_cottage
D:5:      serial_bayou_lake_a, uniq_eustachio
D:6:      kennysheep_steamy, gup_ossuary_entry_pyramid, uniq_menkaure,
          uniq_grinder
D:7:      grunt_dithmenos_smoke, nicolae_overflow_hidden_temple, temple_green,
          serial_shops, nicolae_shop_waterfront
D:8:      kennysheep_ying_yang, hangedman_ranch, hex_tiny
D:9:      grunt_lair_entry_orc_guard_hut
D:10:     serial_shops, shop
D:12:     zombieorc1_lemuel, basic_altar, xom_redecorated
D:14:     grunt_vaults_entry_fortified, minivault_4, uniq_roxanne
D:15:     grunt_enter_depths_snipers, wad_floor_pattern_untrapped,
          kennysheep_doodads, uniq_louise
Orc:1:    portal_ice_cave_entry_animals_and_master, okawaru_metal_pillars_1_2
Orc:2:    st_orc_mages
Ossuary:  ossuary_zaba_two_paths
IceCv:    ice_cave_small_demon

Skill      XL: |  1  2  3  4  5  6  7  8  9 10 11 12 |
---------------+-------------------------------------+-----
Fighting       | 4 5 6 7 9 10 11 13 | 13.3
Axes           | 5 6 7 9 11 12 14 16 18 | 18.8
Armour         | 3 4 6 7 9 10 11 | 11.9
Dodging        | |  1.5

Action                   |  1- 3 |  4- 6 |  7- 9 | 10-12 | 13-15 || total
-------------------------+-------+-------+-------+-------+-------++-------
Melee: Hand axe          |    32 |    91 |       |       |       ||   123
       War axe           |       |     2 |    28 |       |       ||    30
       Broad axe         |       |       |   123 |   679 |       ||   802
       Battleaxe         |       |       |       |    13 |    43 ||    56
Invok: Berserk           |     2 |     5 |     5 |    21 |     2 ||    35
       Trog's Hand       |       |       |     1 |    13 |     1 ||    15
       Brothers in Arms  |       |       |       |     2 |       ||     2
       Burn Spellbooks   |       |       |       |     1 |       ||     1
  Use: Potion            |     1 |       |     1 |     1 |       ||     3
       Scroll            |       |     1 |     7 |    12 |       ||    20
  Eat: Chunk             |       |     3 |    15 |    47 |     2 ||    67
       Bread ration      |       |     1 |       |     1 |       ||     2
       Fruit             |       |       |       |     1 |       ||     1
